 Dungeon Crawl Stone Soup version 0.17-a0-1830-g81820eb (webtiles) character file.

523 Gorice the Fighter (level 7, -1/55 HPs)
             Began as an Octopode Wanderer on Sept 13, 2015.
             Slain by an iguana (13 damage)
             ... on level 4 of the Dungeon.
             The game lasted 00:17:57 (4277 turns).

Gorice the Fighter (Octopode Wanderer)              Turns: 4277, Time: 00:17:58

Health: -1/55      AC:  1    Str:  9    XL:     7   Next: 22%
Magic:  7/7        EV: 17    Int: 17    God:
Gold:   164        SH:  0    Dex: 13    Spells: 0 memorised, 6 levels left

rFire  + . .     SeeInvis .     a - +2 dagger
rCold  . . .     Clarity  .     (no shield)
rNeg   . . .     SustAt   .     (helmet restricted)
rPois  .         Gourm    +     v - amulet of the gourmand
rElec  .         Spirit   .     y - ring of protection from fire
rCorr  .         Warding  .     u - ring of wizardry
rMut   .         Stasis   .     w - +3 ring of evasion
MR     .....                    A - +2 ring of evasion
Stlth  +++.......               (no ring)
                                (no ring)
                                (no ring)
                                (no ring)

@: not resistant to hostile enchantments, fairly stealthy
A: almost no armour, amphibious, 8 rings, constrict 8, camouflage 1, gelatinous
body 1
a: no special abilities


You were on level 4 of the Dungeon.
You were completely stuffed.

You visited 2 branches of the dungeon, and saw 6 of its levels.

You collected 164 gold pieces.

Inventory:

Hand weapons
 a - a +2 dagger (weapon)
 b - a +0 shortbow
 p - a +2 flail of protection
   (You took it off Edmund on level 4 of the Dungeon)
Missiles
 d - 76 arrows
 g - 43 sling bullets
 j - 64 poisoned needles
 x - 16 sling bullets of flame
 Z - 163 stones (quivered)
Jewellery
 m - an uncursed amulet of faith {!P}
 u - a ring of wizardry (right tentacle)
 v - an amulet of the gourmand (around mantle)
 w - a +3 ring of evasion (on tentacle)
 y - a ring of protection from fire (left tentacle)
 A - a +2 ring of evasion (on tentacle)
Scrolls
 c - a scroll of fear {!r}
 l - 5 scrolls of teleportation {!r}
 t - a scroll of identify
Potions
 e - 3 potions of haste {!q}
 h - a potion of resistance {!q}
 n - a potion of curing
 q - a potion of lignification {!q}
 s - a potion of might {!q}
Books
 r - a book of Annihilations
Comestibles
 f - 2 bread rations {!e}
 i - a chunk of flesh
 k - 3 beef jerkies


   Skills:
 + Level 8.0 Fighting
   Level 1.0 Staves
 - Level 2.0 Bows
 - Level 2.0 Dodging
 - Level 2.6 Stealth


You had 6 spell levels left.
You didn't know any spells.

Dungeon Overview and Level Annotations

Branches:
Dungeon (5/15)             Temple (1/1) D:4

Altars:
Ashenzari
Cheibriados
Dithmenos
Elyvilon
Fedhas
Gozag
Makhleb
Nemelex Xobeh
Okawaru
Qazlal
Ru
Sif Muna
Trog
Vehumet
Xom
Yredelemnul
Zin
The Shining One

Shops:
D:5 [

Annotations:
D:3 Sigmund
D:4 Grinder


Innate Abilities, Weirdness & Mutations

You cannot wear most types of armour.
You are amphibious.
You can wear up to eight rings at the same time.
You can use your tentacles to constrict eight enemies at once.
Your skin changes colour to match your surroundings (Stealth).
Your rubbery body absorbs attacks (AC +1).


Message History

The quokka twitches its whiskers.
The quokka completely misses you.
The quokka twitches its whiskers.
There is a stone staircase leading up here.
The quokka bites you. The quokka completely misses you.
You climb upwards.
Level annotation: Grinder
There is a stone staircase leading down here.
Damage: 4 (max 10)
You closely miss the quokka. Your grab misses the quokka.
The quokka completely misses you.
You hit the quokka but do no damage. Your grab misses the quokka.
The quokka misses you.
You barely miss the quokka. You grab the quokka. You constrict the quokka.
The quokka misses you.
You hit the quokka.
The quokka is heavily wounded.
You constrict the quokka. The quokka barely misses you.
You hit the quokka.
You kill the quokka!
You see here a quokka corpse.
You butcher the quokka corpse.
i - 2 chunks of flesh (gained 1)
You start resting.
Eating one of 2 chunks of flesh.
This raw flesh tastes great.
You continue eating. x2
HP restored.
There is a stone staircase leading down here.
You climb downwards.
The jelly hits you.
You are splashed with acid!
The acid burns!
The quokka barely misses you. The iguana bites you!
The crimson imp spits at you.
There is a stone staircase leading up, spattered with blood here.
Damage: 19 (max 19) Unknown command.
The quokka misses you. The jelly hits you.
You are splashed with acid!
The acid burns!
The iguana barely misses you. The quokka bites you.
You climb upwards.
Level annotation: Grinder
There is a stone staircase leading down here.
Damage: 14 (max 19)
The quokka bites you.
Damage: 1 (max 19)
The quokka bites you but does no damage.
The jelly closely misses you. The iguana bites you!
* * * LOW HITPOINT WARNING * * *
The quokka completely misses you.
Damage: 9 (max 19)
The iguana bites you!
You die...

#........#
#........#
#........#
#......[.#
#........#
#........#########
#................#
#..>.............#
#....l@..........#
#...Jr...........#
#................#
##################


You could see an iguana, a jelly and a quokka.

Vanquished Creatures
  Edmund (D:4)
  A centaur skeleton (D:4)
  2 hounds
  2 orc priests
  2 orc wizards (D:2)
  An iguana (D:4)
  Natasha (twice) (D:4)
  A worker ant (D:4)
  5 adders
  4 worms
  A giant gecko (D:3)
  10 orcs
  4 giant cockroaches
  11 goblins
  2 hobgoblins
  2 jackals (D:2)
  2 quokkas
  A ball python (D:1)
  A ball python skeleton (D:4)
  6 bats
  6 giant newts
  5 kobolds
  5 rats
77 creatures vanquished.

Vanquished Creatures (others)
  A kobold (D:2)
1 creature vanquished.

Grand Total: 78 creatures vanquished

Notes
Turn   | Place    | Note
--------------------------------------------------------------
     0 | D:1      | Gorice the Octopode Wanderer began the quest for the Orb.
     0 | D:1      | Gorice set off with: a +2 dagger, a scroll of fear {!r}, a +0 shortbow, 30 arrows, a potion of curing, a bread ration {!e}
     0 | D:1      | Reached XP level 1. HP: 16/16 MP: 1/1
   291 | D:1      | Reached XP level 2. HP: 21/21 MP: 2/2
   714 | D:2      | Reached skill level 4 in Fighting
   714 | D:2      | Reached XP level 3. HP: 25/27 MP: 3/3
   835 | D:2      | HP: 5/27 [adder (5)]
   855 | D:2      | HP: 8/27 [jackal (2)]
   862 | D:2      | Reached XP level 4. HP: 10/34 MP: 4/4
  1121 | D:2      | Reached skill level 5 in Fighting
  1445 | D:2      | Reached XP level 5. HP: 19/41 MP: 5/5
  1793 | D:3      | Found a white marble altar of Elyvilon.
  1809 | D:3      | Noticed Sigmund
  1957 | D:2      | Reached skill level 6 in Fighting
  1957 | D:2      | HP: 12/41 [orc/dagger (3)]
  3003 | D:4      | Found a staircase to the Ecumenical Temple.
  3009 | Temple   | Entered the Ecumenical Temple
  3157 | D:4      | Reached XP level 6. HP: 44/47 MP: 6/6
  3222 | D:4      | Noticed Grinder
  3399 | D:4      | Reached skill level 7 in Fighting
  3665 | D:4      | Noticed Edmund
  3688 | D:4      | Killed Edmund
  3688 | D:4      | Reached XP level 7. HP: 25/54 MP: 7/7
  3922 | D:4      | Noticed Natasha
  3930 | D:4      | Killed Natasha
  3994 | D:4      | Noticed Natasha
  4000 | D:4      | Killed Natasha
  4027 | D:5      | Entered Level 5 of the Dungeon
  4043 | D:5      | Reached skill level 8 in Fighting
  4086 | D:5      | Found Penogeq's Antique Armour Shop.
  4107 | D:5      | Found a bloodstained altar of Trog.
  4276 | D:4      | HP: 12/55 [iguana (10)]
  4277 | D:4      | Slain by an iguana

Vault maps used:
D:1:      roderic_crop_circles_arrival_small, glass_columns_b
D:3:      st_stairs_14, elyvilon_altar_5, uniq_sigmund
D:4:      minmay_temple_entry_enclosed_plants, kennysheep_generic_room_3,
          uniq_edmund, uniq_grinder, uniq_natasha
D:5:      first_bread, serial_shops, nicolae_shop_stone,
          trog_three_pillars_becter
Temple:   kilobyte_greek_temple_18

Action                   |  1- 3 |  4- 6 |  7- 9 || total
-------------------------+-------+-------+-------++-------
Melee: Dagger            |    39 |   128 |    19 ||   186
 Fire: Shortbow          |    19 |    43 |     9 ||    71
Throw: Stone             |     1 |       |       ||     1
  Use: Potion            |     1 |       |       ||     1
       Scroll            |       |     8 |     3 ||    11
 Stab: Sleeping          |     4 |     8 |       ||    12
  Eat: Chunk             |       |    20 |     5 ||    25

Table legend:
 A = Turns spent in this place as a percentage of turns spent in the entire game.
 B = Non-inter-level travel turns spent in this place as a percentage of non-inter-level travel turns spent in the entire game.
 C = Inter-level travel turns spent in this place as a percentage of turns spent in this place.
 D = Turns resting spent in this place as a percentage of non-inter-level travel turns spent in this place.
 E = Turns spent auto-exploring this place as a percentage of non-inter-level travel turns spent in this place.
 F = Non-inter-level travel turns spent in this place divided by the number of levels of this place that you've seen.
                   A       B       C       D       E      F
               +-------+-------+-------+-------+-------+----------------------
         Total | 100.0 | 100.0 |   0.5 |   1.7 |   5.3 | 250.0
       Dungeon |  99.1 |  99.1 |   0.4 |   1.7 |   5.3 | 297.4
        Temple |   0.9 |   0.9 |   7.1 |   0.0 |   7.7 |  13.0
               +-------+-------+-------+-------+-------+----------------------

Vault maps used:
D:1:      roderic_crop_circles_arrival_small, glass_columns_b
D:3:      st_stairs_14, elyvilon_altar_5, uniq_sigmund
D:4:      minmay_temple_entry_enclosed_plants, kennysheep_generic_room_3,
          uniq_edmund, uniq_grinder, uniq_natasha
D:5:      first_bread, serial_shops, nicolae_shop_stone,
          trog_three_pillars_becter
Temple:   kilobyte_greek_temple_18
